 Dungeon Crawl Stone Soup version 0.31-a0-1611-g890cdf5628 (webtiles) character file.

Game seed: 17173316912347193685

59 Laraso the Magician (level 3, -1/26 HPs)
             Began as a Draconian Fire Elementalist on Jan 8, 2024.
             Killed from afar by Natasha (7 damage)
             ... with a magic dart
             ... on level 2 of the Dungeon.
             The game lasted 00:02:01 (2066 turns).

Laraso the Magician (Draconian Fire Elementalist)   Turns: 2066, Time: 00:02:02

Health: -1/26      AC:  5    Str: 10    XL:     3   Next: 78%
Magic:  3/8        EV: 12    Int: 17    God:
Gold:   127        SH:  0    Dex: 11    Spells: 6/9 levels left

rFire   . . .        e - +0 spear
rCold   . . .        (no shield)
rNeg    . . .        (body armour unavailable)
rPois   .            (helmet restricted)
rElec   .            (no cloak)
rCorr   .            (no gloves)
SInv    +            (no boots)
Will    .....        (no amulet)
Stlth   ++           k - ring of see invisible
HPRegen 0.24/turn    (no ring)
MPRegen 0.11/turn

%: no passive effects
@: slowed, very slow
A: AC +5, unfitting armour, cold-blooded
a: no special abilities


You were on level 2 of the Dungeon.
You visited 1 branch of the dungeon, and saw 2 of its levels.

You collected 127 gold pieces.

Inventory:

Hand Weapons
 e - a +0 spear (weapon)
Jewellery
 k - a ring of see invisible (left hand)
Scrolls
 c - 3 scrolls of teleportation {unknown}
 g - a scroll of enchant weapon {unknown}
 h - a scroll of fear {unknown}
 l - 2 scrolls of identify {unknown}
 m - a scroll of poison {unknown}
 n - a scroll of enchant armour {unknown}
 o - a scroll of immolation {unknown}
Potions
 a - a potion of magic
 b - 2 potions of attraction {unknown}
 d - a potion of brilliance {unknown}
 f - 2 potions of curing {unknown}
 i - 2 potions of enlightenment {unknown}
 j - a potion of lignification {unknown}


   Skills:
 - Level 1.7 Dodging
 - Level 1.7 Stealth
 * Level 3.9 Spellcasting
 - Level 1.0 Conjurations
 - Level 3.0 Fire Magic


You had 6 spell levels left.
You knew the following spells:

 Your Spells              Type           Power      Damage    Failure   Level
a - Foxfire               Conj/Fire      40%        2x1d6     7%          1
b - Scorch                Fire           26%        2d6       7%          2

Your spell library contained the following spells:

 Spells                   Type           Power      Damage    Failure   Level
 Freeze                   Ice            12%        1d3       16%         1
 Inner Flame              Hex/Fire       8%         N/A       26%         3
 Volatile Blastmotes      Fire/Tloc      16%        2d11      26%         3
 Hailstorm                Conj/Ice       5%         3d5       36%         3
 Frozen Ramparts          Ice            6%         1d1       43%         3
 Flame Wave               Conj/Fire      10%        2d6       56%         4


Dungeon Overview and Level Annotations

Branches:
Dungeon (2/15)

Altars:

Annotations:
D:2 Natasha


Innate Abilities, Weirdness & Mutations

Your plain brown scales are hard. (AC +5)
You cannot fit into any form of body armour.
You are cold-blooded and may be slowed by cold attacks.


Message History

Casting: Scorch (safe; 7% risk of failure)
Confirm with . or Enter, or press ? or * to list all spells.
Flames lash Natasha.
Natasha is burned terribly!
Natasha is severely wounded.
Unknown command.
You barely miss Natasha.
Natasha is severely wounded.
Natasha misses you.
The cerulean imp hits you but does no damage.
Natasha casts a spell.
The cerulean imp hits you from afar with a +1 spear.
You closely miss Natasha.
Your tail-slap misses Natasha.
Natasha is severely wounded.
Natasha claws you but does no damage. The cerulean imp misses you.
The cerulean imp hits you with a +2 spear.
Natasha claws you.
You closely miss Natasha.
Your tail-slap misses Natasha.
Natasha is severely wounded.
The cerulean imp misses you.
The cerulean imp hits you with a +2 spear.
Natasha stares at you and mumbles some strange words.
You feel as though you will be slow longer.
The cerulean imp misses you.
The cerulean imp hits you from afar with a +1 spear.
You aren't carrying any items that you can evoke.
Okay, then.
Casting: Scorch (safe; 7% risk of failure)
Confirm with . or Enter, or press ? or * to list all spells.
Flames lash the cerulean imp.
The cerulean imp is heavily wounded.
The cerulean imp's fire resistance burns away.
Natasha is no longer more vulnerable to fire.
Natasha barely misses you.
The cerulean imp hits you but does no damage.
The cerulean imp hits you with a +2 spear.
* * * LOW HITPOINT WARNING * * *
Natasha stares at you and mumbles some strange words.
The magic dart hits you!
You die...
Natasha curls up and begins to purr.

#.##.#......##
#.#..'......'. #.#
#.####......## #.#
............# #.#
#.##.........# #.#
#.##.........# #5#
...#.........# #5#
#............# #h#
#.#..........# #@#
#.#..######'## #5#
#...........# #.#
#####.##########.#
#.##.........#
##)##.########..#
#.........# #..#
#.##..###.##....#
#.#..........##.#


You could see Natasha and 3 cerulean imps.

Vanquished Creatures
  Natasha (D:2)
  A dart slug (D:2)
  A bat (D:1)
  A giant cockroach (D:2)
  3 goblins
  4 hobgoblins
  4 jackals (D:1)
  3 kobolds (D:1)
  A quokka (D:1)
  3 ball pythons
  4 frilled lizards
  5 rats
31 creatures vanquished.

Vanquished Creatures (others)
  25 foxfires (D:1)
25 creatures vanquished.

Grand Total: 56 creatures vanquished

Notes
Turn   | Place    | Note
-------+----------+-------------------------------------------
     0 | D:1      | Laraso the Draconian Fire Elementalist began the quest for
                  | the Orb.
     0 | D:1      | Reached XP level 1. HP: 14/14 MP: 3/3
   477 | D:1      | Reached XP level 2. HP: 20/20 MP: 1/5
   644 | D:1      | Learned a level 2 spell: Scorch
  1440 | D:2      | Reached XP level 3. HP: 26/26 MP: 4/7
  1495 | D:2      | Noticed Natasha
  1498 | D:2      | Killed Natasha
  2057 | D:2      | Noticed Natasha
  2066 | D:2      | Killed from afar by Natasha

Illustrated notes

Levels and vault maps discovered:
D:1:      dpeg_arrival_round_a, layout_loops_cross
D:2:      layout_basic, uniq_natasha

Skill      XL: |  1  2 |
---------------+-------+-----
Spellcasting   | 3 |  3.9
Dodging        | |  1.7
Stealth        | |  1.7
Conjurations   | |  1.0
Fire Magic     | |  3.0

Action                     || total
---------------------------++-------
  Melee: Spear             ||    20
   Cast: Foxfire           ||    19
         Scorch            ||    23
   Stab: Sleeping          ||     1
 Armour: Skin              ||    25
  Dodge: Dodged            ||    24

Table legend: (Time is in decaauts)
 A = Elapsed time spent in this place.
 B = Non-inter-level travel time spent in this place.
 C = Inter-level travel time spent in this place.
 D = Time resting spent in this place.
 E = Time spent auto-exploring this place.
 F = Levels seen in this place.
 G = Mean time per level.
                   A        B        C        D        E       F      G
               +--------+--------+--------+--------+--------+-----+--------+
         Total |   2069 |   1994 |     75 |    256 |   1499 |   2 | 1034.5 |
       Dungeon |   2069 |   1994 |     75 |    256 |   1499 |   2 | 1034.5 |
               +--------+--------+--------+--------+--------+-----+--------+

Top non-repeatable levels by time:
     D:1: 1116 daAuts
     D:2: 952 daAuts
